 Dungeon Crawl Stone Soup version 0.19-a0-1815-g4007336 (webtiles) character file.

87264 benitares the Severer (level 15, -1/155 HPs)
             Began as a Deep Dwarf Berserker on Oct 5, 2016.
             Was an Initiate of Makhleb.
             Drowned by a water nymph (5 damage)
             ... on level 1 of the Shoals.
             The game lasted 01:55:31 (28248 turns).

benitares the Severer (Deep Dwarf Berserker)       Turns: 28248, Time: 01:55:35

Health: -1/155     AC: 17    Str: 25    XL:     15   Next: 43%
Magic:  1/8        EV: 18    Int:  9    God:    Makhleb [......]
Gold:   1212       SH:  0    Dex: 15    Spells: 0 memorised, 14 levels left

rFire  . . .     SeeInvis +     z - +4 hand axe (venom)
rCold  + . .     Gourm    .     B - +1 scale mail {MR+}
rNeg   + . .     Faith    .     (no shield)
rPois  +         Spirit   .     (helmet restricted)
rElec  +         Dismiss  .     b - +1 cloak
rCorr  .         Reflect  .     (no gloves)
MR     +++..     Harm     .     y - +2 pair of boots
Stlth  +.........               (no amulet)
                                a - ring "Ereol" {*Contam rElec rPois SInv Stlth+}
                                T - ring "Ras Eter" {+Fly rC+ Dex+4}

@: non-regenerating
A: damage resistance, recharge devices, horns 2, rugged brown scales 1, clumsy
1, negative energy resistance 1, sense surroundings 2, robust 1, slow
regeneration 3, MP-powered wands
a: Device Recharging, Renounce Religion, Evoke Flight


You were on level 1 of the Shoals.
You worshipped Makhleb.
Makhleb was noncommittal.
You were not hungry.

You visited 6 branches of the dungeon, and saw 26 of its levels.
You also visited: Labyrinth, Sewer and Volcano.

You collected 2193 gold pieces.
You spent 981 gold pieces at shops.

Inventory:

Hand Weapons
 i - the +1 arbalest "Zaweder" {elec, *Corrode rC++ Dex+4 SInv}
   (You bought it in a shop on level 2 of the Orcish Mines)

   It charges the ammunition it shoots with electricity; occasionally upon a
   hit, such missiles may discharge and cause terrible harm.
   It affects your dexterity (+4).
   It greatly protects you from cold.
   It lets you see invisible.
   It may corrode you when you take damage.
 z - a +4 hand axe of venom (weapon)
 G - a +4 triple crossbow of flaming
Missiles
 L - 271 bolts
Armour
 b - a +1 cloak (worn)
 k - a +2 helmet of see invisible
 y - a +2 pair of boots (worn)
 B - a +1 scale mail of magic resistance (worn)
Jewellery
 a - the ring "Ereol" (right hand) {*Contam rElec rPois SInv Stlth+}
   (You found it on level 1 of the Lair of Beasts)

   [ring of stealth]

   It insulates you from electricity.
   It protects you from poison.
   It lets you see invisible.
   It causes magical contamination when unequipped.
   It makes you more stealthy.
 h - a cursed -6 ring of protection {unknown}
 j - an uncursed ring of protection from fire
 q - an uncursed ring of positive energy {unknown}
 s - an uncursed ring of poison resistance {unknown}
 I - an uncursed amulet of rage {unknown}
 J - an uncursed ring of poison resistance {unknown}
 S - an uncursed ring of flight
 T - the ring "Ras Eter" (left hand) {+Fly rC+ Dex+4}
   (You took it off a minotaur in a labyrinth)

   [ring of flight]

   It affects your dexterity (+4).
   It protects you from cold.
   It lets you fly.
 V - an uncursed ring of poison resistance {unknown}
 Y - an uncursed ring of positive energy {unknown}
 Z - the ring of Pyruek {MP+9 Dex+2 Stlth+}
   (You took it off a red devil on level 6 of the Lair of Beasts)

   [ring of stealth]

   It affects your dexterity (+2).
   It affects your magic capacity (+9).
   It makes you more stealthy.
Wands
 c - a wand of heal wounds (1/9)
 N - a wand of disintegration (0/24)
 O - a wand of heal wounds (6/9)
 U - a wand of hasting (5/9)
 X - a wand of digging (4/24)
Scrolls
 e - 14 scrolls of remove curse
 m - 4 scrolls of enchant armour
 t - 3 scrolls of immolation
 w - 6 scrolls of fog
 C - 3 scrolls of blinking
 D - 3 scrolls of enchant weapon
 R - a scroll of vulnerability
 W - a scroll of magic mapping
Potions
 f - 9 potions of curing
 g - 5 potions of berserk rage
 l - 5 potions of resistance
 n - 5 potions of haste
 o - a potion of cure mutation {unknown}
 p - 6 potions of might
 r - 3 potions of magic
 u - 4 potions of flight {unknown}
 v - 4 potions of degeneration {unknown}
 x - a potion of agility {unknown}
 A - 2 potions of ambrosia {unknown}
 H - 5 potions of brilliance {unknown}
 K - 5 potions of cancellation
 Q - a potion of invisibility {unknown}
Comestibles
 d - 3 bread rations
 E - a royal jelly


   Skills:
 - Level 10.0 Fighting
 - Level 17.1 Axes
 + Level 15.0 Crossbows
 - Level 11.5 Armour
 - Level 11.5 Dodging


You had 14 spell levels left.
You didn't know any spells.

Dungeon Overview and Level Annotations

Branches:
Dungeon (14/15)            Temple (1/1) D:4            Lair (6/6) D:9
 Shoals (1/4) Lair:3       Spider (2/4) Lair:3        Slime (0/5) Lair:5
    Orc (2/2) D:11            Elf (0/3) Orc:2        Vaults (0/5) D:14

Altars:
Ashenzari
Cheibriados
Dithmenos
Elyvilon
Fedhas
Gozag
Hepliaklqana
Kikubaaqudgha
Makhleb
Nemelex Xobeh
Okawaru
Qazlal
Ru
Sif Muna
Trog
Uskayaw
Vehumet
Xom
Yredelemnul
Zin
The Shining One
Beogh
Jiyva

Shops:
D:4 (   D:5 %   D:7 *   D:10 %   Orc:2 %*([

Portals:
Hell: Lair:6

Annotations:
D:11 1 exclusion


Innate Abilities, Weirdness & Mutations

You are resistant to damage.
You can recharge devices by infusing magical energy.
You resist negative energy. (rN+)
You passively map the area around you.
You do not regenerate.
You have a pair of horns on your head.
You are partially covered in rugged brown scales. (AC +1, +3% HP)
You are clumsy. (Dex -2)
You are robust. (+10% HP)
You expend magic power (3 MP) to strengthen your wands.


Message History

The merfolk misses you.
You hit the water nymph.
The water nymph is poisoned.
The water nymph is heavily wounded.
The water nymph completely misses you.
You barely miss the water nymph. Your headbutt misses the water nymph.
The water nymph is moderately wounded.
The merfolk misses you.
You miss the water nymph.
The water nymph is heavily wounded.
The water nymph touches you. The water nymph drowns you!
* * * LOW HITPOINT WARNING * * *
Your unstable footing causes you to fumble your attack.
The merfolk closely misses you. The water nymph misses you.
The merfolk misses you.
The water nymph points at you and mumbles some strange words.
The water swirls and strikes you!
* * * LOW HITPOINT WARNING * * *
The merfolk hits you but does no damage.
The water nymph touches you. The water nymph drowns you!
You die...

≈ ≈ ≈ ≈
≈≈≈≈≈≈≈≈≈≈≈≈≈.., ≈≈
≈ ≈≈≈≈≈≈≈≈≈)≈≈..., *
≈ ≈ ≈ ≈≈≈≈≈≈≈≈≈≈....
* , ..≈≈≈≈≈≈≈..# * ≈
≈ , **#≈≈(≈≈≈).# ≈ ≈
* ##..≈≈≈.# , ≈ * *
####.≈<≈≈≈≈## ,, , ,
##.m.≈≈≈≈≈≈(.# ≈ *
#≈@(≈≈≈≈≈≈≈≈≈≈≈ *
#≈m≈≈≈≈≈≈≈≈≈≈≈≈ ≈
#≈≈≈)≈≈≈≈≈≈≈≈≈≈ ≈≈
≈≈, #.≈≈≈≈≈≈≈≈≈≈≈≈≈.
≈ ≈≈ ≈
,#.≈≈≈≈≈≈≈≈≈≈≈≈≈≈.≈≈
≈ ≈≈ ≈
≈≈≈≈≈≈≈≈≈≈≈≈≈≈≈≈≈≈ ≈
≈ ≈
≈≈≈≈≈≈≈≈≈≈≈≈≈≈≈≈≈≈≈
≈≈ ≈ ≈≈≈≈≈≈≈≈≈≈≈≈≈≈≈
≈ ≈
≈≈≈≈≈≈≈≈≈≈≈≈≈≈≈≈≈ ≈


You could see a merfolk and a water nymph.

Vanquished Creatures
  Gastronok (D:9)
  A ghost moth (Spider:2)
  A spark wasp (Spider:2)
  Josephine (Orc:1)
  A minotaur (Lab)
  7 hydras
  Fannar (Lair:2)
  7 centaur warriors
  Urug (Lair:2)
  A sun demon (Lair:6)
  Nergalle (Lair:4)
  A sixfirhy (Lair:6)
  2 unseen horrors
  6 hill giants
  7 orc knights (Orc:2)
  A necromancer (D:14)
  5 orb spiders
  2 wizards
  2 ugly things
  An orc sorcerer (Orc:1)
  6 wolf spiders
  A faun (Shoals:1)
  3 manticores
  4 cyclopes
  An elephant (Lair:6)
  6 black mambas
  Psyche (D:9)
  A smoke demon (Lair:6)
  12 spiny frogs
  2 gargoyles (D:14)
  4 orange demons (Lair:6)
  2 yaktaurs (Volcano)
  2 rime drakes (Lair:6)
  2 ice devils (Lair:6)
  A kobold demonologist (D:14)
  6 komodo dragons
  An efreet (D:12)
  3 demonic crawlers
  8 trolls
  10 jumping spiders
  2 red devils (Lair:6)
  A hornet (D:11)
  2 two-headed ogres (D:14)
  14 blink frogs
  5 dream sheep (Lair:2)
  12 hippogriffs
  Sigmund (D:6)
  3 wyverns
  6 redbacks
  3 wraiths (Orc:1)
  41 yaks
  Eustachio (D:5)
  4 hogs (D:7)
  3 basilisks
  2 hungry ghosts
  A human (D:7)
  Grum (D:8)
  10 vampire mosquitoes
  7 wargs
  A hell hound (Lair:6)
  A soldier ant (D:12)
  15 water moccasins
  7 porcupines
  Duvessa (D:5)
  An ice beast (D:11)
  29 orc warriors
  A hornet zombie (D:12)
  3 sky beasts
  A black bear (D:7)
  An eye of draining (D:13)
  13 ogres
  The ghost of brucemayne the Chopper, an amateur HOMo of Makhleb (D:5)
  4 phantoms
  21 wolves
  12 centaurs
  12 crocodiles
  4 big kobolds
  Blork the orc (D:5)
  10 bullfrogs
  Dowan (D:5)
  7 scorpions
  17 killer bees
  3 wights (D:9)
  6 electric eels (D:11)
  5 howler monkeys
  3 bullfrog zombies
  2 centaur zombies
  4 crimson imps
  4 hounds
  3 centaur skeletons
  11 orc priests
  4 jellies
  12 orc wizards
  A quasit (D:11)
  2 bullfrog skeletons (D:12)
  An iron imp (D:5)
  Ijyb (D:2)
  Jessica (D:2)
  18 iguanas
  7 worker ants
  2 hound zombies
  Robin (D:2)
  3 gnolls (D:2)
  14 adders
  73 river rats
  3 shadow imps
  2 oozes
  2 adder skeletons (D:4)
  2 dart slugs (D:3)
  9 leopard geckos
  88 orcs
  5 ball pythons
  9 giant cockroaches
  17 goblins
  12 hobgoblins
  3 jackals
  A quokka (D:10)
  12 bats
  10 frilled lizards
  25 kobolds
  A leopard gecko skeleton (D:9)
  18 rats
  A butterfly (Lair:4)
  6 fungi
  A plant (Lair:1)
817 creatures vanquished.

Vanquished Creatures (collateral kills)
  3 orc knights (Orc:2)
  2 wargs (Orc:2)
  6 orc warriors (Orc:2)
  An orc wizard (Orc:2)
  8 orcs (Orc:2)
20 creatures vanquished.

Vanquished Creatures (others)
  2 orcs
  A bush (Lair:6)
  14 fungi
  12 plants
29 creatures vanquished.

Grand Total: 866 creatures vanquished

Notes
Turn   | Place    | Note
-------+----------+-------------------------------------------
     0 | D:1      | benitares the Deep Dwarf Berserker began the quest for the Orb.
     0 | D:1      | Reached XP level 1. HP: 20/20 MP: 1/1
    43 | D:1      | Reached XP level 2. HP: 24/27 MP: 2/2
    86 | D:1      | Reached skill level 4 in Axes
   414 | D:1      | Reached XP level 3. HP: 29/33 MP: 3/3
  1047 | D:2      | Noticed Ijyb
  1056 | D:2      | Killed Ijyb
  1056 | D:2      | Reached skill level 5 in Axes
  1056 | D:2      | Reached XP level 4. HP: 33/40 MP: 4/4
  1115 | D:2      | Found a hazy altar of Hepliaklqana.
  1149 | D:2      | Noticed Robin
  1153 | D:2      | Reached ** piety under Trog
  1168 | D:2      | Killed Robin
  1223 | D:2      | Noticed Jessica
  1230 | D:2      | Reached skill level 6 in Axes
  1231 | D:2      | Killed Jessica
  1231 | D:2      | Reached XP level 5. HP: 46/46 MP: 5/5
  2256 | D:4      | Found a glowing drain.
  2273 | D:4      | Reached *** piety under Trog
  2289 | Sewer    | Entered a sewer
  2329 | Sewer    | Reached skill level 7 in Axes
  2531 | Sewer    | Reached XP level 6. HP: 49/55 MP: 6/6
  2579 | Sewer    | Reached skill level 8 in Axes
  2644 | D:4      | Found Vozxeru's Weapon Shoppe.
  2921 | D:4      | Found a staircase to the Ecumenical Temple.
  3060 | D:4      | Found a burning altar of Makhleb.
  3061 | D:4      | Found a bloodstained altar of Trog.
  3061 | D:4      | Found a white marble altar of Elyvilon.
  3198 | D:4      | Found a basalt altar of Yredelemnul.
  3418 | D:4      | Reached XP level 7. HP: 47/61 MP: 7/7
  3444 | D:4      | Received a gift from Trog
  3445 | D:4      | Reached skill level 9 in Axes
  3675 | D:4      | Found a blossoming altar of Fedhas.
  3899 | D:5      | Entered Level 5 of the Dungeon
  3899 | D:5      | Noticed Blork the orc
  3903 | D:5      | Killed Blork the orc
  3915 | D:5      | Found Wutros's Food Boutique.
  3920 | D:5      | Reached **** piety under Trog
  3940 | D:5      | Reached skill level 10 in Axes
  4054 | D:5      | Noticed Eustachio
  4074 | D:5      | Found a snail-covered altar of Cheibriados.
  4095 | D:5      | Killed Eustachio
  4095 | D:5      | Reached XP level 8. HP: 32/68 MP: 8/8
  4155 | D:5      | Noticed brucemayne's ghost (amateur HOMo)
  4174 | D:5      | Noticed Dowan
  4175 | D:5      | Noticed Duvessa
  4187 | D:5      | Reached skill level 11 in Axes
  4205 | D:5      | Killed Dowan
  4256 | D:5      | Killed Duvessa
  4543 | D:5      | Killed brucemayne's ghost
  4625 | D:5      | Reached skill level 12 in Axes
  4660 | D:5      | Gained mutation: You have supernaturally acute eyesight. (SInv) [mutagenic meat]
  5493 | D:6      | Found a hide-covered altar of Uskayaw.
  5548 | D:6      | Noticed Sigmund
  5557 | D:6      | Killed Sigmund
  5557 | D:6      | Reached skill level 13 in Axes
  5557 | D:6      | Gained mutation: You passively map the area around you. [Deep Dwarf growth]
  5557 | D:6      | Reached XP level 9. HP: 30/74 MP: 9/9
  6028 | D:7      | Found a glowing golden altar of the Shining One.
  6335 | D:7      | Found Luups's General Store.
  6343 | D:7      | Bought a scroll of identify for 26 gold pieces
  6343 | D:7      | Bought a scroll of identify for 26 gold pieces
  6373 | D:7      | Reached skill level 14 in Axes
  6596 | D:7      | Found a radiant altar of Vehumet.
  7060 | D:8      | Got a slimy fustibalus
  7125 | D:8      | Noticed Grum
  7135 | D:8      | Reached XP level 10. HP: 63/85 MP: 10/10
  7150 | D:8      | Killed Grum
  7537 | D:8      | Reached skill level 5 in Armour
  7537 | D:8      | Reached skill level 5 in Dodging
  7735 | D:8      | Found a deep blue altar of Sif Muna.
  8035 | D:9      | Noticed Gastronok
  8054 | D:9      | Killed Gastronok
  8054 | D:9      | Reached skill level 5 in Fighting
  8105 | D:9      | Found a staircase to the Lair.
  8117 | D:9      | Noticed Psyche
  8125 | D:9      | Killed Psyche
  8520 | D:9      | Reached XP level 11. HP: 46/97 MP: 10/10
  8665 | D:9      | Found an opulent altar of Gozag.
  8897 | D:10     | Entered Level 10 of the Dungeon
  8989 | D:10     | Noticed a hill giant
  9000 | D:10     | Noticed a hill giant
  9007 | D:10     | Killed a hill giant
  9216 | D:10     | Reached ***** piety under Trog
  9608 | D:10     | Killed a hill giant
  9914 | D:10     | Found Titol's Food Boutique.
  9915 | D:10     | Noticed a hill giant
  9922 | D:10     | Killed a hill giant
  9988 | D:11     | Found a staircase to the Orcish Mines.
 10757 | D:11     | HP: 3/104 [cyclops (19)]
 10767 | D:11     | Reached XP level 12. HP: 26/112 MP: 11/11
 11257 | D:12     | Noticed a centaur warrior
 11356 | Lair:1   | Entered Level 1 of the Lair of Beasts
 11457 | Lair:1   | Reached skill level 10 in Dodging
 11470 | Lair:1   | Reached skill level 10 in Armour
 11506 | Lair:1   | Found a dark tunnel.
 11512 | Volcano  | Entered a volcano
 11531 | Volcano  | Found a radiant altar of Vehumet.
 11536 | Volcano  | Noticed a centaur warrior
 11549 | Volcano  | Killed a centaur warrior
 11647 | Volcano  | Gained mutation: Your body sometimes deteriorates upon taking damage. [potion of mutation]
 11647 | Volcano  | Gained mutation: You are resistant to hostile enchantments. (MR+) [potion of mutation]
 11648 | Volcano  | Lost mutation: You have supernaturally acute eyesight. (SInv) [potion of mutation]
 11649 | Volcano  | Gained mutation: You have a pair of small horns on your head. [potion of mutation]
 11649 | Volcano  | Gained mutation: You have a pair of horns on your head. [potion of mutation]
 11649 | Volcano  | Gained mutation: You expend magic power (3 MP) to strengthen your wands. [potion of mutation]
 11650 | Volcano  | Gained mutation: You are clumsy. (Dex -2) [potion of mutation]
 11650 | Volcano  | Gained mutation: You are partially covered in rugged brown scales. (AC +1, +3% HP) [potion of mutation]
 11650 | Volcano  | Lost mutation: Your body sometimes deteriorates upon taking damage. [potion of mutation]
 11875 | Lair:1   | You fall through a shaft!
 11981 | Lair:2   | You fall through a shaft!
 12004 | Lair:3   | Found a staircase to the Shoals.
 12412 | Lair:3   | Found a hole to the Spider Nest.
 12626 | Lair:1   | Got a fine iron ring
 12746 | Lair:1   | Identified the ring "Ereol" {*Contam rElec rPois SInv Stlth+} (You found it on level 1 of the Lair of Beasts)
 13327 | Lair:2   | Reached ****** piety under Trog
 13536 | Lair:2   | Noticed Fannar
 13889 | Lair:2   | Noticed Urug
 13920 | Lair:2   | Killed Urug
 14006 | Lair:2   | Killed Fannar
 14006 | Lair:2   | Reached skill level 10 in Fighting
 14506 | Lair:3   | Reached XP level 13. HP: 72/126 MP: 12/12
 15588 | Lair:4   | Noticed Nergalle
 15599 | Lair:4   | Killed Nergalle
 16257 | Lair:5   | Reached skill level 15 in Axes
 16270 | Lair:5   | Found a staircase to the Slime Pits.
 16270 | Lair:5   | Found a viscous altar of Jiyva.
 16615 | Orc:1    | Entered Level 1 of the Orcish Mines
 16627 | Orc:1    | Noticed Josephine
 16633 | Orc:1    | Killed Josephine
 16872 | Orc:2    | Entered Level 2 of the Orcish Mines
 16952 | Orc:2    | Found a staircase to the Elven Halls.
 16971 | Orc:2    | Received a gift from Trog
 17027 | Orc:2    | Reached skill level 16 in Axes
 17082 | Orc:2    | Found a roughly hewn altar of Beogh.
 17098 | Orc:2    | Found Faofess's Weapon Shop.
 17098 | Orc:2    | Found Gilub's Antique Armour Shoppe.
 17302 | Orc:2    | HP: 2/126 [orc knight/great sword (26)]
 17413 | Orc:2    | Found a labyrinth entrance.
 17422 | Lab      | Entered a labyrinth
 17820 | Lab      | Noticed a minotaur
 17827 | Lab      | Killed a minotaur
 17829 | Lab      | Got a slimy iron ring
 17877 | Lab      | Got a dazzling hunting sling
 18063 | Orc:2    | Bought a twisted scale mail for 189 gold pieces
 18073 | Orc:2    | Identified the +3 scale mail "Ashegaj" {+Blink Str+3 Dex-5} (You bought it in a shop on level 2 of the Orcish Mines)
 18436 | Orc:2    | Found Uromp's Assorted Antiques.
 18525 | Orc:2    | Bought a scroll labeled QAHO IDIPT for 25 gold pieces
 18531 | Orc:2    | Found Qaunwum's Food Shop.
 18543 | Orc:2    | Reached skill level 17 in Axes
 19251 | D:12     | Reached skill level 1 in Crossbows
 19488 | D:12     | Lost mutation: You are resistant to hostile enchantments. (MR+) [mutagenic meat]
 19491 | D:12     | Gained mutation: You are robust. (+10% HP) [mutagenic meat]
 19784 | D:12     | Gained mutation: You resist negative energy. (rN+) [Deep Dwarf growth]
 19784 | D:12     | Reached XP level 14. HP: 75/149 MP: 12/12
 19996 | D:12     | Reached skill level 5 in Crossbows
 20001 | D:12     | Received a gift from Trog
 20896 | D:13     | Identified the ring "Ras Eter" {+Fly rC+ Dex+4} (You took it off a minotaur in a labyrinth)
 22338 | D:14     | Found a gate to the Vaults.
 22673 | D:14     | Reached skill level 10 in Crossbows
 22942 | D:14     | Received a gift from Trog
 23590 | Lair:6   | Entered Level 6 of the Lair of Beasts
 23774 | Lair:6   | Received a gift from Trog
 24331 | Lair:6   | Received a gift from Trog
 24731 | Lair:6   | Reached XP level 15. HP: 55/155 MP: 11/11
 24938 | Lair:6   | Got a bound lead ring
 24973 | Lair:6   | Received a gift from Trog
 25083 | Lair:6   | Found a burning altar of Makhleb.
 25109 | Lair:6   | Found a gateway to Hell.
 26135 | Orc:2    | Bought the cursed +1 arbalest "Zaweder" {elec, *Corrode rC++ Dex+4 SInv} for 715 gold pieces
 26328 | Spider:1 | Entered Level 1 of the Spider Nest
 26584 | Spider:1 | Received a gift from Trog
 26997 | Spider:1 | You fall through a shaft!
 27108 | Spider:2 | HP: 4/155 [disintegration (28)]
 27194 | Spider:2 | Noticed a ghost moth
 27200 | Spider:2 | Killed a ghost moth
 27770 | Temple   | Entered the Ecumenical Temple
 27895 | D:4      | Fell from the grace of Trog
 27895 | D:4      | Became a worshipper of Makhleb the Destroyer
 27897 | D:4      | Identified the ring of Pyruek {MP+9 Dex+2 Stlth+} (You took it off a red devil on level 6 of the Lair of Beasts)
 28221 | Shoals:1 | Entered Level 1 of the Shoals
 28223 | Shoals:1 | Reached skill level 15 in Crossbows
 28248 | Shoals:1 | HP: 4/155 [water nymph/the raging water (37)]
 28248 | Shoals:1 | Drowned by a water nymph

Vault maps used:
D:1:      noname_arrival_rooms_in_the_neighbourhood, minmay_octomino_e4
D:2:      lemuel_crystal_altar, uniq_iyjb, uniq_robin, uniq_jessica
D:4:      kennysheep_mini_moat, nicolae_overflow_quartered_altars, serial_shops,
          shop, portal_sewer_entry_f, dk_rats_in_the_wall
D:5:      slow_altar_1, serial_shops, nicolae_shop_crystal, first_bread,
          minmay_misc_feat_roman, uniq_duvessa, uniq_eustachio,
          uniq_blork_the_orc
D:6:      lemuel_doored_altar, uniq_sigmund
D:7:      lemuel_round_altar, lemuel_crystal_altar, serial_shops, shop,
          grunt_livestock
D:8:      wad_arrow_thing, old_standard_altar, uniq_grum
D:9:      nicolae_gozag_cash_rules_everything_around_me, uniq_psyche,
          uniq_gastronok
D:10:     serial_shops, kennysheep_little_box
D:11:     orc_0_dummy, serial_bayou, serial_bayou_lake_a, serial_bayou_crossing,
          serial_bayou_lagoon_b, serial_bayou_ford_a, serial_bayou_shore_a
D:12:     enter_bailey_8
D:13:     minivault_22
D:14:     david_vaults_1, minmay_misc_feat_encased
Temple:   compressed_dpeg_triangle_lava_temple
Lair:1:   enter_volcano_4
Lair:2:   grunt_megastairs_5, uniq_urug, uniq_fannar
Lair:3:   minmay_shoals_entry_beasts, spider_nest_entry_rubble
Lair:4:   minmay_stone_trees_small, lemuel_fruit_fields, uniq_nergalle
Lair:5:   slime_altar_1, bh_autumn_forest_stairs
Lair:6:   evil_forest
Shoals:1: cheibrodos_shoals_roost
Spider:2: spiders_nest_a
Orc:1:    uniq_josephine, uniq_erolcha
Orc:2:    st_orc_town, lab_entry_generic
Lab:      labyrinth_watery
Sewer:    sewer_frog_island_01
Volcano:  kennysheep_volcano_temple

Skill      XL: |  1  2  3  4  5  6  7  8  9 10 11 12 13 14 15 |
---------------+----------------------------------------------+-----
Axes           | 4 5 6 7 8 10 13 14 17 | 17.1
Fighting       | 4 6 8 10 | 10.0
Armour         | 4 7 9 11 | 11.5
Dodging        | 4 7 9 11 | 11.5
Crossbows      | 4 12 15 | 15.0

Action                   |  1- 3 |  4- 6 |  7- 9 | 10-12 | 13-15 || total
-------------------------+-------+-------+-------+-------+-------++-------
Melee: Hand axe          |   106 |   255 |   374 |   907 |  1150 ||  2792
       Headbutt          |       |       |       |    60 |   280 ||   340
 Fire: Triple crossbow   |       |       |       |       |   116 ||   116
       Arbalest          |       |       |       |       |   113 ||   113
Invok: Berserk           |     2 |     8 |     7 |    26 |    24 ||    67
       Trog's Hand       |       |     3 |     7 |    11 |    46 ||    67
       Burn Spellbooks   |       |       |       |     2 |     2 ||     4
       Brothers in Arms  |       |       |       |       |     4 ||     4
 Abil: Device Recharging |       |       |       |     1 |     6 ||     7
Evoke: Wand              |       |     1 |     6 |    13 |    34 ||    54
  Use: Scroll            |       |     4 |    12 |     9 |    20 ||    45
       Potion            |       |       |     1 |    10 |     6 ||    17
 Stab: Sleeping          |     3 |       |       |       |       ||     3
       Distracted        |       |     1 |       |       |     1 ||     2
  Eat: Chunk             |     2 |    16 |    17 |    30 |    27 ||    92
       Fruit             |       |       |     3 |       |    17 ||    20
       Beef jerky        |       |       |     1 |     3 |       ||     4
       Royal jelly       |       |       |     1 |     2 |       ||     3
       Meat ration       |       |       |       |     4 |     2 ||     6
       Pizza             |       |       |       |     1 |     9 ||    10
       Bread ration      |       |       |       |       |     6 ||     6
Armor: Animal skin       |    27 |    64 |    34 |       |       ||   125
       Scale mail        |       |       |    87 |   230 |   411 ||   728
Dodge: Dodged            |    76 |   130 |   151 |   421 |   970 ||  1748
